 Dungeon Crawl Stone Soup version 0.27-a0-1301-g128193abf8 (webtiles) character file.

Game seed: 7945724788095580038

97 DasRunzen the Slasher (level 4, -6/37 HPs)
             Began as a Demigod Gladiator on June 17, 2021.
             Mangled by an ogre (20 damage)
             ... on level 4 of the Dungeon.
             The game lasted 00:04:41 (3229 turns).

DasRunzen the Slasher (Demigod Gladiator)           Turns: 3229, Time: 00:04:41

Health: -6/37      AC:  5    Str: 15    XL:     4   Next: 19%
Magic:  8/8        EV: 12    Int: 14    God:
Gold:   79         SH:  0    Dex: 15    Spells: 4/5 levels left

rFire    . . .     SeeInvis .   a - +1 long sword
rCold    . . .     Faith    .   (no shield)
rNeg     . . .     Spirit   .   b - +0 leather armour
rPois    .         Reflect  .   c - +0 helmet
rElec    .         Harm     .   (no cloak)
rCorr    .         Rampage  .   g - +0 pair of gloves
Will     .....                  (no boots)
Stlth    +.........             (no amulet)
HPRegen  0.12/turn              (no ring)
MPRegen  0.11/turn              (no ring)

@: no status effects
A: high mp 1, forlorn
a: no special abilities


You were on level 4 of the Dungeon.
You visited 1 branch of the dungeon, and saw 4 of its levels.

You collected 79 gold pieces.

Inventory:

Hand Weapons
 a - a +1 long sword (weapon)
Missiles
 d - 5 throwing nets (quivered)
Armour
 b - a +0 leather armour (worn)
 c - a +0 helmet (worn)
 g - a +0 pair of gloves (worn)
 k - a +0 kite shield
Scrolls
 f - a scroll of amnesia
 j - a scroll of blinking {unknown}
 l - a scroll of enchant weapon
Potions
 e - a potion of magic
 h - a potion of brilliance
 i - 2 potions of curing {unknown}


   Skills:
 + Level 2.3 Fighting
 + Level 3.2 Long Blades
 - Level 1.7 Throwing
 + Level 1.2 Armour
 + Level 3.1 Dodging
 + Level 0.3 Shields
 + Level 1.1 Spellcasting
 + Level 0.7 Ice Magic


You had 4 spell levels left.
You knew the following spells:

 Your Spells              Type           Power      Damage    Failure   Level
a - Freeze                Ice            8%         1d3       24%         1

Your spell library contained the following spells:

 Spells                   Type           Power      Damage    Failure   Level
 Corona                   Hex            0%         N/A       32%         1
 Ensorcelled Hibernation  Hex/Ice        2%         N/A       38%         2
 Frozen Ramparts          Ice            4%         1d2       56%         3
 Ozocubu's Armour         Ice            2%         N/A       56%         3
 Confusing Touch          Hex            0%         N/A       67%         3
 Dazzling Flash           Conj/Hex       0%         N/A       67%         3
 Tukima's Dance           Hex            0%         N/A       67%         3
 Hailstorm                Conj/Ice       1%         3d3       95%         4
 Metabolic Englaciation   Hex/Ice        0%         N/A       100%        5


Dungeon Overview and Level Annotations

Branches:
Dungeon (4/15)
 Temple: D:4-7

Shops:
D:3 [

Annotations:
D:4 Edmund


Innate Abilities, Weirdness & Mutations

Your attributes grow dramatically as you level up.
You have an increased reservoir of magic. (+10% MP)
You shall have no god before yourself.


Message History

The endoplasm hits you but does no damage.
You hit the endoplasm.
The endoplasm is severely wounded.
The endoplasm freezes you.
You are frozen.
The endoplasm closely misses you.
You riposte.
You slash the endoplasm!
You kill the endoplasm!
No target in view!
No target in view!
Found a stone staircase leading up.
An ogre comes into view. It is wielding a +0 giant club.
Found a scroll labelled DOIJI HADGHU.
An ogre is nearby!
Found 7 gold pieces.
The ogre shouts!
An adder comes into view.
Found a pink potion.
Edmund the Younger comes into view.
He is wielding a +0 flail of pain and wearing a +1 leather armour of poison resistance.
Edmund shouts!
The adder hisses angrily.
The ogre barely misses you.
You riposte.
You hit the ogre.
The ogre is moderately wounded.
Edmund says, "What use are spells, anyway?"
You barely miss the ogre.
The ogre is moderately wounded.
The ogre hits you with a +0 giant club!!
Ouch! That really hurt!
You are too injured to fight recklessly!
Unknown command.
The adder closely misses you.
You riposte.
You miss the adder. The adder closely misses you.
You riposte.
You hit the adder.
The adder is heavily wounded.
The adder closely misses you. The adder closely misses you.
You riposte.
You miss the adder.
The adder is heavily wounded.
The adder barely misses you. The adder barely misses you.
You riposte.
You barely miss the adder.
The adder is moderately wounded.
The ogre hits you with a +0 giant club!!
Ouch! That really hurt!
You die...

..... #..#.##.##...#
#.#####.# .....
#..#.##.##...####.#####.#
.....
#..#)##........[..#.....#
.....
#....###......#####.#####
##.#.# #......# #........
#.#.# #......# #)#.#####
#.#.########## #.#...#
#...........# #.###.#
##.....@S...# #.....#
#......O...##########
#......@.......#
#(.............#
#..............#
#..########....# #..#
#....##### #.
######........#
..............#


You could see Edmund, an ogre and an adder.

Vanquished Creatures
  A hound (D:3)
  An adder (D:3)
  An ufetubus (D:4)
  A worm (D:2)
  2 orcs
  8 endoplasms
  A giant cockroach (D:2)
  3 hobgoblins
  3 kobolds
  4 quokkas
  4 ball pythons
  7 bats
  3 frilled lizards
  5 goblins
  4 rats
48 creatures vanquished.

Notes
Turn   | Place    | Note
-------+----------+-------------------------------------------
     0 | D:1      | DasRunzen the Demigod Gladiator began the quest for the
                  | Orb.
     0 | D:1      | Reached XP level 1. HP: 17/17 MP: 3/3
   280 | D:1      | Reached XP level 2. HP: 24/24 MP: 4/4
  1589 | D:3      | Learned a level 1 spell: Freeze
  1773 | D:3      | Reached skill level 1 in Armour
  1773 | D:3      | Reached XP level 3. HP: 21/29 MP: 6/6
  2141 | D:3      | Found Zuug's Antique Armour Boutique.
  2202 | D:3      | Reached skill level 1 in Spellcasting
  2760 | D:4      | Reached XP level 4. HP: 14/36 MP: 8/8
  3212 | D:4      | Noticed an ogre
  3216 | D:4      | Noticed Edmund
  3229 | D:4      | Mangled by an ogre

Illustrated notes

Levels and vault maps discovered:
D:1:      matt_arrival_los_fun, layout_rooms,
          shapermc_ecumenical_altar_flowoftime, st_stairs_4
D:2:      layout_loops_ring
D:3:      layout_basic, serial_shops, shop
D:4:      kennysheep_spiral_hall, layout_basic, lemuel_crystal_altar,
          grunt_decor_resistance, uniq_edmund

Skill      XL: |  1  2  3 |
---------------+----------+-----
Fighting       | 2 |  2.3
Dodging        | 3 |  3.1
Long Blades    | 3 |  3.2
Armour         | 1 |  1.2
Spellcasting   | 1 |  1.1
Throwing       | |  1.7
Shields        | |  0.3
Ice Magic      | |  0.7

Action                   |  1- 3 |  4- 6 || total
-------------------------+-------+-------++-------
Melee: Long sword        |    97 |    21 ||   118
  Use: Scroll            |     5 |       ||     5
 Stab: Sleeping          |       |     2 ||     2
Armor: Leather armour    |    35 |     4 ||    39
Dodge: Dodged            |    88 |    20 ||   108
       Rpst.: Long sword |    34 |     7 ||    41

Table legend: (Time is in decaauts)
 A = Elapsed time spent in this place.
 B = Non-inter-level travel time spent in this place.
 C = Inter-level travel time spent in this place.
 D = Time resting spent in this place.
 E = Time spent auto-exploring this place.
 F = Levels seen in this place.
 G = Mean time per level.
                   A        B        C        D        E       F      G
               +--------+--------+--------+--------+--------+-----+--------+
         Total |   3259 |   3115 |    144 |      0 |   2783 |   4 |  814.8 |
       Dungeon |   3259 |   3115 |    144 |      0 |   2783 |   4 |  814.8 |
               +--------+--------+--------+--------+--------+-----+--------+

Top non-repeatable levels by time:
     D:3: 1172 daAuts
     D:2: 815 daAuts
     D:1: 740 daAuts
     D:4: 531 daAuts
